 Dungeon Crawl Stone Soup version 0.20-a0-842-g939b552 (webtiles) character file.

2236 M4edhros the Magician (level 9, -3/57 HPs)
             Began as a Formicid Air Elementalist on Mar 9, 2017.
             Slain by Joseph
             ... wielding a cursed -2 hunting sling
              (9 damage)
             ... on level 7 of the Dungeon.
             The game lasted 00:16:01 (6117 turns).

M4edhros the Magician (Formicid Air Elementalist)   Turns: 6117, Time: 00:16:02

Health: -3/57      AC:  6    Str: 12    XL:     9   Next: 63%
Magic:  8/18       EV: 16    Int: 16    God:
Gold:   236        SH:  0    Dex: 19    Spells: 14/20 levels left

rFire    . . .     SeeInvis +   v - +2 dagger (venom)
rCold    . . .     Gourm    .   D - +0 scale mail {rPois}
rNeg     . . .     Faith    .   (no shield)
rPois    +         Spirit   .   (helmet unavailable)
rElec    .         Reflect  .   (no cloak)
rCorr    .         Harm     .   (no gloves)
MR       .....                  (no boots)
Stlth    ++........             (no amulet)
Regen    0.2/turn               C - ring of poison resistance
MPRegen  0.2/turn               n - ring of wizardry

@: agile, very slightly contaminated
A: permanent stasis, dig shafts and tunnels, four strong arms, antennae 3
a: Dig, Shaft Self


You were on level 7 of the Dungeon.
You were not hungry.

You visited 2 branches of the dungeon, and saw 8 of its levels.

You collected 236 gold pieces.

Inventory:

Hand Weapons
 d - a +3 hunting sling
 r - a +0 shortbow
 v - a +2 dagger of venom (weapon)
 A - the +1 halberd "Athriun" {chop, +Inv Str+7 Dex-2 Stlth-}
   (You found it on level 7 of the Dungeon)

   It inflicts extra damage upon your enemies.
   It affects your strength (+7).
   It affects your dexterity (-2).
   It lets you turn invisible.
   It makes you less stealthy.
Missiles
 k - 47 stones (quivered)
 s - 128 arrows
Armour
 a - a +0 robe
 D - a +0 scale mail of poison resistance (worn)
Jewellery
 n - a ring of wizardry (left hand)
 C - a ring of poison resistance (right hand)
Wands
 h - a wand of disintegration (7/24)
 o - a wand of random effects (22/48)
 w - a wand of polymorph (9/24)
 y - a wand of digging (9/24)
 z - a wand of random effects (22/48)
 B - a wand of random effects (20/48)
Scrolls
 e - 4 scrolls of blinking {unknown}
 f - a scroll of enchant armour {unknown}
 g - 3 scrolls of immolation {unknown}
 j - 5 scrolls of remove curse
 t - 3 scrolls of recharging
 u - 2 scrolls of amnesia
 x - 2 scrolls of teleportation {unknown}
Potions
 p - 2 potions of magic
 q - 3 potions of brilliance
 F - a potion of flight {unknown}
Books
 b - a book of Air

   Spells                             Type                      Level
   a - Shock                          Conjuration/Air              1
   b - Swiftness                      Charms/Air                   2
   c - Static Discharge               Conjuration/Air              3
   d - Airstrike                      Air                          4
   e - Lightning Bolt                 Conjuration/Air              5
Comestibles
 c - 7 bread rations
 i - 5 royal jellies
 l - 7 meat rations
 m - 4 fruits


   Skills:
 + Level 0.0 Fighting
 * Level 5.3 Slings
 + Level 4.0 Dodging
 - Level 2.4 Stealth
 * Level 6.3 Spellcasting
 * Level 5.1 Conjurations
 * Level 5.5 Air Magic
 * Level 1.2 Evocations


You had 14 spell levels left.
You knew the following spells:

 Your Spells              Type           Power        Failure   Level  Hunger
a - Shock                 Conj/Air       ###.         4%          1    None
b - Swiftness             Chrm/Air       ##......     16%         2    None
c - Static Discharge      Conj/Air       ###.....     12%         3    ##.....


Dungeon Overview and Level Annotations

Branches:
Dungeon (7/15)             Temple (1/1) D:7

Altars:
Ashenzari
Cheibriados
Elyvilon
Fedhas
Kikubaaqudgha
Makhleb
Nemelex Xobeh
Okawaru
Qazlal
Ru
Sif Muna
Trog
Uskayaw
Vehumet
Wu Jian
Yredelemnul
The Shining One

Annotations:
D:5 smajdalf's ghost, novice TeAE
D:7 1 runed door, exclusion: 2 doors, Joseph


Innate Abilities, Weirdness & Mutations

You cannot be hasted, slowed, berserked, paralysed or teleported.
You can dig through walls and to a lower floor.
Your four strong arms can wield two-handed weapons with a shield.
You have a pair of large antennae on your head. (SInv)


Message History

Joseph is severely wounded.
Joseph barely misses you.
Casting: Shock
Confirm with . or Enter, or press ? or * to list all spells.
Aiming: Shock
Press: ? - help, Shift-Dir - straight line The zap hits Joseph.
Joseph is severely wounded.
The zap hits Joseph.
Joseph appears unharmed.
Joseph is severely wounded.
Joseph hits you with a hunting sling!
* * * LOW HITPOINT WARNING * * *
Casting: Shock
Confirm with . or Enter, or press ? or * to list all spells.
Aiming: Shock
Press: ? - help, Shift-Dir - straight line You miscast Shock.
You are very lightly contaminated with residual magic.
Nothing appears to happen.
Joseph hits you with a hunting sling!
You die...

#...>...##....# .... ##y..{#
#.......##....###... #....#
#.......'......[.... ..y...#
######...####.......#### #####..#
...# #.⌠.# ##........... ......y#
...###...###............ .......#
................(......@ .....#
....⌠..>..⌠..##@###.###+ #..#
............#...@# #{{ { { #..+
...###...###........# { { { #..#
...# #.⌠.# #........#{ { { { #..#
...# #...####.......# { { { {#..#
...###.....##....)..# { { { #..#
.....#.....#........##########..#
.....#.....#....................#
.....#.....'.................<..#
.....#.....##...###..##...##....#


You could see Joseph.

Vanquished Creatures
  Eustachio (D:6)
  Menkaure (D:7)
  A water moccasin (D:7)
  A phantom (D:5)
  An ice beast (D:6)
  An ogre (D:7)
  2 centaurs
  A bullfrog (D:7)
  4 scorpions
  2 killer bees (D:7)
  4 wights (D:7)
  3 howler monkeys
  5 crimson imps
  A gnoll shaman (D:4)
  2 hounds
  3 orc priests (D:7)
  A bullfrog skeleton (D:5)
  A jelly (D:7)
  2 iguanas
  8 worker ants
  Robin (D:2)
  4 gnolls (D:4)
  5 adders
  A shadow imp (D:6)
  An ooze (D:5)
  3 worms
  A dart slug (D:2)
  3 leopard geckos
  7 orcs
  2 ball pythons
  12 goblins
  4 hobgoblins
  5 jackals
  4 kobolds
  2 quokkas (D:6)
  A bat (D:2)
  4 frilled lizards
  A jackal skeleton (D:7)
  2 leopard gecko skeletons
  2 quokka skeletons
  2 rats
112 creatures vanquished.

Vanquished Creatures (others)
  A quokka (D:2)
1 creature vanquished.

Grand Total: 113 creatures vanquished

Notes
Turn   | Place    | Note
-------+----------+-------------------------------------------
     0 | D:1      | M4edhros the Formicid Air Elementalist began the quest for the Orb.
     0 | D:1      | Reached XP level 1. HP: 13/13 MP: 3/3
   239 | D:1      | Reached skill level 1 in Conjurations
   611 | D:2      | Reached XP level 2. HP: 15/19 MP: 1/5
   713 | D:2      | Noticed Robin
   953 | D:2      | Reached XP level 3. HP: 12/24 MP: 4/7
   956 | D:2      | Killed Robin
  1166 | D:2      | Reached skill level 3 in Spellcasting
  1166 | D:2      | Reached XP level 4. HP: 11/30 MP: 2/8
  1509 | D:3      | Learned a level 2 spell: Swiftness
  1513 | D:3      | Learned a level 3 spell: Static Discharge
  1571 | D:3      | Reached XP level 5. HP: 27/35 MP: 1/10
  1672 | D:4      | Reached skill level 1 in Slings
  1676 | D:4      | You fall through a shaft for 2 floors!
  1676 | D:6      | Found a stormy altar of Qazlal.
  1676 | D:6      | Found a glowing golden altar of the Shining One.
  1677 | D:6      | Found an ancient bone altar of Kikubaaqudgha.
  1967 | D:6      | Found a sacrificial altar of Ru.
  1980 | D:6      | Reached XP level 6. HP: 40/41 MP: 6/11
  2289 | D:6      | Reached skill level 4 in Spellcasting
  2289 | D:6      | Reached XP level 7. HP: 40/46 MP: 7/13
  2312 | D:5      | Entered Level 5 of the Dungeon
  3056 | D:4      | Found a blossoming altar of Fedhas.
  3281 | D:4      | Reached XP level 8. HP: 52/52 MP: 12/15
  3307 | D:4      | Found a basalt altar of Yredelemnul.
  3317 | D:4      | Found a bloodstained altar of Trog.
  3319 | D:4      | Found a hide-covered altar of Uskayaw.
  3448 | D:5      | Noticed smajdalf's ghost (novice TeAE)
  3687 | D:5      | Reached skill level 5 in Spellcasting
  4406 | D:6      | Noticed Grinder
  4408 | D:6      | Noticed Grinder
  4408 | D:6      | Grinder changed into Grinder the crimson imp
  4420 | D:6      | Killed Grinder the crimson imp
  4438 | D:6      | Noticed Eustachio
  4473 | D:6      | Killed Eustachio
  4518 | D:6      | Found a deep blue altar of Sif Muna.
  4824 | D:7      | Reached skill level 5 in Air Magic
  4830 | D:7      | Reached XP level 9. HP: 48/57 MP: 8/17
  5301 | D:7      | Noticed Menkaure
  5305 | D:7      | Killed Menkaure
  5346 | D:7      | Reached skill level 5 in Slings
  5346 | D:7      | Reached skill level 6 in Spellcasting
  5516 | D:7      | Got a transparent halberd
  5517 | D:7      | Identified the +1 halberd "Athriun" {chop, +Inv Str+7 Dex-2 Stlth-} (You found it on level 7 of the Dungeon)
  5623 | D:7      | Reached skill level 5 in Conjurations
  5792 | D:7      | Reached skill level 1 in Evocations
  5945 | D:7      | Found a staircase to the Ecumenical Temple.
  5952 | Temple   | Entered the Ecumenical Temple
  6098 | D:7      | Found a huge runed gate.
  6098 | D:7      | Noticed Joseph
  6117 | D:7      | Slain by Joseph

Vault maps used:
D:1:      eino_arrival_cavern_e
D:2:      zin_treasury, uniq_robin
D:3:      cheibrodos_thug_alley, lemuel_doored_altar
D:4:      minitemple, first_bread, fedhas_altar_1
D:6:      nicolae_overflow_hidden_temple, nicolae_overflow_quartered_altars,
          uniq_eustachio, uniq_grinder
D:7:      lemuel_bear_cage, minmay_temple_entry_junction, grunt_ogre_cave,
          uniq_menkaure, uniq_joseph
Temple:   nicolae_temple_figure_zero

Skill      XL: |  1  2  3  4  5  6  7  8  9 |
---------------+----------------------------+-----
Conjurations   | 1 2 3 4 5 |  5.1
Dodging        | 2 3 4 |  4.0
Spellcasting   | 3 4 5 6 |  6.3
Air Magic      | 3 4 5 |  5.5
Slings         | 1 2 3 4 5 |  5.3
Evocations     | 1 |  1.2
Stealth        | |  2.4

Action                   |  1- 3 |  4- 6 |  7- 9 || total
-------------------------+-------+-------+-------++-------
Melee: Unarmed           |    18 |       |       ||    18
       Halberd           |       |       |     9 ||     9
 Fire: Hunting sling     |       |     5 |    58 ||    63
 Cast: Shock             |    29 |    63 |   226 ||   318
       Static Discharge  |       |       |     5 ||     5
 Abil: Shaft Self        |       |     1 |       ||     1
Evoke: Wand              |       |     4 |     3 ||     7
  Use: Potion            |     2 |     1 |     3 ||     6
       Scroll            |       |     1 |     6 ||     7
  Eat: Chunk             |       |     5 |    12 ||    17
Armor: Robe              |     2 |     1 |     8 ||    11
       Skin              |    17 |       |       ||    17
       Scale mail        |       |       |     7 ||     7
Dodge: Dodged            |    21 |    27 |   124 ||   172
